Map: [ESL] Ghost River

Players

MCanning

  • Race: Protoss Protoss
  • Spawn Location: 1:00

DisK - Winner!

  • Race: Protoss Protoss
  • Spawn Location: 11:00

Event: ESL SC2 Masters 2024 Spring (Regional)

VOD

Have the link to the VOD?

Description

Time

  • Played on: April 19, 2024, 3:16 p.m.
  • Length: 4:14

All games in this series

Show
View Real Time Build Order
Export as new Build Order

MCanning Protoss 

Build Orders:  

Get SALT Encoding   

  12  0:00  Probe  
  13  0:12  Probe  
  14  0:24  Probe  
  15  0:33  Pylon  
  15  0:51  Gateway  
  15  0:53  Gateway  
  15  0:56  Forge  
  15  0:59  Probe  
  16  1:09  Pylon  
  16  1:22  Pylon  
  16  1:30  Photon Cannon  
  16  1:36  Photon Cannon  
  16  1:42  Zealot (Chrono Boost)  
  20  1:56  Zealot (Chrono Boost)  
  22  2:09  Zealot (Chrono Boost)  
  22  2:10  Zealot (Chrono Boost)  
  24  2:20  Photon Cannon  
  24  2:29  Photon Cannon  
  24  2:45  Photon Cannon  
  20  2:54  Photon Cannon  
  18  3:06  Photon Cannon  
  18  3:18  Zealot (Chrono Boost)  
  21  3:22  Zealot (Chrono Boost)  
  21  3:24  Probe  
  21  3:30  Assimilator  
  21  3:36  Zealot  
  23  3:43  Pylon  
Show
View Real Time Build Order
Export as new Build Order

DisK Protoss - Winner!

Build Orders:  

Get SALT Encoding   

  12  0:00  Probe  
  13  0:12  Probe  
  14  0:16  Pylon  
  14  0:24  Probe (Chrono Boost)  
  15  0:34  Gateway  
  15  0:36  Probe (Chrono Boost)  
  16  0:45  Assimilator, Probe (Chrono Boost)  
  17  0:50  Probe  
  17  0:54  Assimilator  
  18  1:03  Probe (Chrono Boost)  
  19  1:07  Gateway  
  19  1:13  Probe (Chrono Boost)  
  19  1:18  Probe (Chrono Boost)  
  20  1:23  Cybernetics Core  
  22  1:33  Pylon  
  22  1:38  Gateway  
  21  1:52  Pylon  
  21  1:59  Adept (Chrono Boost)  
  21  2:01  Shield Battery  
  23  2:02  Shield Battery  
  23  2:10  Pylon  
  23  2:12  Probe  
  24  2:17  Shield Battery  
  24  2:25  Adept  
  24  2:49  Stargate  
  24  3:11  Probe  
  28  3:47  Nexus  
Tags
 
Add a new tag
Caveats
  • Supply blocks, unpowered buildings, or Contaminate may cause inaccurate times.
  • Supply counts are checked every 10 seconds.